Map: Deathaura LE

Players

Nina

  • Race: Protoss Protoss
  • League: Grandmaster
  • Spawn Location: 11:00

MCanning - Winner!

  • Race: Protoss Protoss
  • Spawn Location: 5:00

VOD

Have the link to the VOD?

Description

Time

  • Played on: Nov. 1, 2020, 3:19 p.m.
  • Length: 25:38
Show
View Real Time Build Order
Export as new Build Order

Nina Protoss 

Build Orders: Phoenix Opening 

Get SALT Encoding   

  12  0:00  Probe  
  13  0:12  Probe  
  14  0:17  Pylon  
  14  0:24  Probe (Chrono Boost)  
  15  0:36  Probe (Chrono Boost)  
  15  0:38  Gateway  
  16  0:44  Probe (Chrono Boost)  
  16  0:45  Assimilator  
  17  0:51  Probe  
  18  0:59  Assimilator  
  18  1:03  Probe  
  19  1:07  Gateway  
  19  1:15  Probe  
  20  1:25  Cybernetics Core  
  20  1:27  Probe  
  20  1:32  Pylon  
  21  1:39  Probe  
  22  1:54  Probe  
  22  2:01  Stalker x2  
  25  2:02  Warp Gate  
  25  2:04  Unknown  
  25  2:06  Unknown  
  25  2:07  Probe  
  28  2:14  Pylon  
  28  2:27  Probe  
  29  2:32  Sentry  
  29  2:35  Sentry  
  33  2:39  Probe  
  33  2:43  Nexus  
  34  2:51  Probe  
  34  2:54  Shield Battery  
  35  3:03  Probe  
  35  3:05  Phoenix  
  36  3:11  Pylon  
  36  3:16  Probe  
  37  3:28  Probe  
  37  3:32  Phoenix  
  38  3:37  Twilight Council  
  38  3:40  Probe (Chrono Boost)  
  39  3:46  Pylon  
  39  3:50  Stalker, Probe (Chrono Boost)  
  39  3:55  Probe (Chrono Boost)  
  42  3:56  Probe (Chrono Boost)  
  42  4:00  Stalker  
  46  4:06  Probe  
  46  4:07  Probe  
  48  4:10  Forge  
  48  4:15  Stalker  
  50  4:18  Probe  
  50  4:19  Blink  
  50  4:20  Probe  
  52  4:29  Stalker  
  52  4:30  Probe  
  55  4:32  Probe  
  55  4:37  Protoss Ground Weapons Level 1 (Chrono Boost)  
  56  4:41  Nexus  
  56  4:46  Probe  
  56  4:48  Probe  
  58  4:53  Stalker  
  58  4:57  Pylon  
  58  4:58  Probe  
  61  5:01  Probe  
  61  5:02  Stalker  
  64  5:07  Assimilator  
  64  5:11  Probe  
  65  5:16  Probe  
  65  5:19  Stalker  
  68  5:24  Photon Cannon  
  68  5:31  Probe  
  68  5:33  Phoenix  
  68  5:34  Gateway  
  68  5:35  Gateway  
  69  5:36  Probe  
  69  5:40  Gateway  
  70  5:43  Gateway  
  70  5:45  Pylon, Probe  
  70  5:49  Gateway  
  71  5:52  Probe  
  71  5:55  Probe  
  73  6:00  Stalker x2  
  73  6:02  Probe  
  73  6:04  Probe  
  79  6:07  Probe  
  79  6:10  Pylon  
  80  6:14  Probe  
  80  6:16  Probe  
  82  6:20  Pylon, Probe  
  82  6:24  Stalker, Photon Cannon  
  85  6:25  Stalker  
  85  6:28  Probe  
  85  6:31  Probe  
  85  6:32  Protoss Ground Weapons Level 2 (Chrono Boost)  
  89  6:33  Stalker  
  92  6:40  Stalker  
  92  6:42  Probe  
  92  6:44  Stalker  
  96  6:48  Photon Cannon  
  96  6:51  Probe  
  96  6:53  Robotics Facility  
  97  6:55  Stalker  
  97  6:56  Probe  
  97  6:57  Probe  
  101  7:02  Assimilator x2  
  101  7:03  Stalker  
  101  7:06  Pylon  
  101  7:07  Pylon  
  104  7:15  Stalker x3  
  109  7:16  Stalker  
  109  7:36  Stalker x3  
  107  7:40  Stalker x4  
  107  7:41  Observer  
  107  7:42  Probe  
  107  7:43  Probe  
  114  7:54  Probe  
  115  8:05  Nexus  
  115  8:06  Pylon, Stalker x4  
  115  8:08  Pylon  
  123  8:23  Stalker x3  
  127  8:30  Stalker x4  
  105  8:54  Stalker x7  
  105  8:55  Probe  
  117  8:58  Photon Cannon  
  117  9:02  Probe  
  112  9:03  Protoss Ground Weapons Level 3 (Chrono Boost)  
  112  9:06  Assimilator  
  112  9:11  Probe  
  112  9:12  Probe  
  114  9:18  Stalker x4  
  114  9:20  Probe  
  114  9:23  Stalker  
  125  9:28  Stalker  
  125  9:29  Probe  
  125  9:30  Assimilator  
  124  9:33  Assimilator, Probe  
  124  9:37  Stalker  
  127  9:40  Probe x2  
  127  9:43  Stalker  
  127  9:44  Stalker x3  
  137  9:51  Stalker x2  
  141  10:01  Probe  
  141  10:04  Probe x2  
  144  10:07  Probe  
  144  10:08  Stalker x3  
  151  10:16  Nexus  
  151  10:21  Probe x2  
  146  10:24  Nexus  
  146  10:27  Probe  
  148  10:30  Probe  
  148  10:33  Probe  
  150  10:36  Probe  
  150  10:38  Stalker x4  
  150  10:41  Observer (Chrono Boost)  
  160  10:43  Probe  
  160  10:44  Photon Cannon  
  160  10:47  Pylon  
  161  10:50  Pylon  
  161  10:52  Stalker  
  161  10:54  Observer (Chrono Boost)  
  161  10:56  Pylon  
  164  10:58  Pylon x2  
  160  11:05  Probe x2  
  160  11:08  Photon Cannon  
  160  11:10  Probe  
  163  11:12  Probe  
  163  11:16  Photon Cannon  
  163  11:17  Nexus, Probe x2  
  166  11:22  Probe  
  166  11:23  Pylon  
  166  11:24  Probe  
  168  11:28  Photon Cannon  
  168  11:29  Probe  
  159  11:44  Probe  
  159  11:45  Stalker x7  
  174  11:49  Probe x2  
  174  11:51  Assimilator  
  174  11:52  Probe  
  174  11:53  Assimilator, Photon Cannon  
  178  11:54  Probe  
  178  11:56  Probe  
  178  11:57  Photon Cannon  
  179  12:01  Probe  
  175  12:08  Stalker  
  175  12:10  Stalker x5  
  175  12:12  Pylon, Protoss Shields Level 1 (Chrono Boost)  
  175  12:14  Gateway  
  186  12:24  Photon Cannon  
  186  12:25  Observer  
  187  12:32  Photon Cannon  
  181  12:41  Zealot x7  
  181  12:43  Charge  
  187  12:45  Probe x2  
  187  12:46  Probe  
  187  12:47  Unknown  
  190  12:57  Gateway  
  189  13:01  Gateway  
  189  13:02  Photon Cannon  
  189  13:04  Shield Battery  
  188  13:06  Gateway  
  188  13:07  Stalker  
  188  13:08  Stalker x6  
  195  13:14  Dark Shrine  
  195  13:15  Observer  
  189  13:26  Stalker  
  172  13:35  Stalker x3  
  172  13:36  Stalker x4  
  151  14:02  Stalker x9  
  159  14:03  Stalker  
  159  14:08  Observer  
  142  14:19  Pylon  
  141  14:25  Stalker x4  
  141  14:26  Stalker x4  
  148  14:31  Nexus  
  133  15:00  Observer  
  89  15:14  Stalker x6  
  89  15:15  Stalker x3  
  103  15:38  Pylon x2  
  103  15:46  Stalker x4  
  99  16:06  Dark Templar  
  99  16:07  Dark Templar x2  
  87  16:29  Probe  
  87  16:30  Probe x2  
  90  16:34  Dark Templar  
  90  16:49  Probe  
  90  16:50  Probe  
  90  16:52  Probe  
  93  17:01  Probe  
  94  17:02  Probe  
  89  17:38  Nexus  
  87  17:44  Observer  
  83  17:55  Pylon  
  79  18:05  Observer  
  79  18:06  Stalker x3  
  79  18:07  Stalker  
  86  18:27  Observer  
  84  18:48  Observer  
  84  18:49  Templar Archives  
  83  19:00  Nexus  
  57  20:56  Observer  
  58  21:17  Observer  
  58  21:27  Nexus  
  58  21:31  Observer  
  58  21:51  Observer  
  58  22:04  Sentry  
  58  22:07  Dark Templar x2  
  64  22:28  Observer  
  62  22:43  Probe  
  53  23:11  Observer  
  51  23:43  Dark Templar x2  
  33  24:45  Dark Templar  
  34  24:47  Observer  
Show
View Real Time Build Order
Export as new Build Order

MCanning Protoss - Winner!

Build Orders: Oracle Opening, Carriers 

Get SALT Encoding   

  12  0:00  Probe  
  13  0:12  Probe  
  14  0:17  Pylon  
  14  0:24  Probe  
  15  0:36  Probe (Chrono Boost)  
  15  0:37  Gateway  
  16  0:46  Assimilator  
  16  0:47  Probe (Chrono Boost)  
  17  0:51  Probe (Chrono Boost)  
  18  0:57  Assimilator  
  18  1:03  Probe  
  19  1:09  Gateway  
  19  1:15  Probe (Chrono Boost)  
  20  1:24  Probe (Chrono Boost)  
  21  1:25  Cybernetics Core  
  21  1:29  Probe (Chrono Boost)  
  22  1:41  Probe  
  23  1:49  Pylon  
  23  1:52  Unknown  
  23  2:02  Warp Gate  
  23  2:06  Pylon, Unknown  
  23  2:07  Unknown x2, Stalker, Sentry  
  27  2:09  Probe  
  28  2:18  Pylon  
  28  2:21  Pylon, Probe  
  29  2:33  Stalker  
  32  2:46  Stargate  
  31  2:58  Nexus  
  31  3:04  Shield Battery  
  31  3:09  Probe  
  32  3:18  Pylon  
  32  3:22  Probe  
  33  3:28  Oracle (Chrono Boost)  
  33  3:34  Probe (Chrono Boost)  
  37  3:45  Probe (Chrono Boost)  
  38  3:49  Probe (Chrono Boost)  
  39  3:58  Oracle  
  39  4:00  Probe (Chrono Boost)  
  39  4:01  Adept  
  45  4:05  Pylon  
  45  4:11  Probe (Chrono Boost)  
  47  4:17  Robotics Facility, Sentry  
  47  4:18  Probe (Chrono Boost)  
  47  4:20  Probe (Chrono Boost)  
  50  4:25  Probe x2 (Chrono Boost)  
  52  4:36  Pylon, Probe  
  52  4:37  Probe  
  52  4:38  Void Ray (Chrono Boost)  
  54  4:46  Assimilator  
  54  4:47  Assimilator  
  54  4:48  Probe  
  54  4:49  Probe  
  60  4:56  Pylon  
  60  5:00  Probe  
  60  5:01  Probe  
  60  5:06  Observer  
  63  5:13  Probe x2  
  65  5:23  Stargate  
  65  5:24  Pylon  
  65  5:25  Probe x2  
  67  5:34  Nexus  
  67  5:36  Pylon  
  67  5:39  Immortal (Chrono Boost)  
  71  5:44  Probe x2  
  71  5:47  Void Ray (Chrono Boost)  
  77  5:59  Probe x2  
  77  6:03  Protoss Air Weapons Level 1  
  79  6:05  Pylon  
  79  6:07  Forge  
  79  6:09  Void Ray (Chrono Boost)  
  79  6:11  Probe  
  79  6:13  Shield Battery  
  84  6:21  Void Ray (Chrono Boost)  
  84  6:23  Observer  
  84  6:25  Probe  
  90  6:35  Probe  
  90  6:37  Probe  
  92  6:41  Robotics Bay  
  92  6:44  Photon Cannon  
  92  6:48  Void Ray (Chrono Boost), Photon Cannon, Probe  
  92  6:50  Photon Cannon  
  93  6:56  Probe  
  93  6:57  Probe  
  93  7:00  Void Ray (Chrono Boost)  
  99  7:03  Probe  
  99  7:07  Photon Cannon  
  100  7:14  Probe  
  105  7:16  Probe  
  105  7:17  Assimilator  
  105  7:18  Assimilator  
  105  7:20  Probe  
  105  7:22  Void Ray (Chrono Boost)  
  107  7:24  Zealot x2  
  115  7:33  Void Ray  
  115  7:36  Probe  
  116  7:38  Shield Battery  
  116  7:40  Probe  
  121  7:46  Pylon, Disruptor (Chrono Boost)  
  120  7:56  Zealot x2  
  120  8:05  Void Ray  
  120  8:06  Nexus  
  120  8:10  Pylon, Disruptor (Chrono Boost)  
  127  8:24  Stalker  
  127  8:25  Stalker  
  131  8:29  Probe  
  131  8:33  Photon Cannon  
  131  8:34  Shield Battery  
  132  8:38  Disruptor (Chrono Boost)  
  132  8:40  Void Ray (Chrono Boost)  
  135  8:45  Void Ray (Chrono Boost)  
  132  8:50  Zealot  
  132  8:51  Zealot  
  132  8:55  Probe  
  135  8:56  Photon Cannon  
  135  8:58  Photon Cannon  
  135  9:00  Photon Cannon  
  135  9:06  Fleet Beacon  
  135  9:11  Disruptor (Chrono Boost), Photon Cannon  
  134  9:22  Void Ray  
  134  9:26  Twilight Council  
  134  9:31  Shield Battery  
  138  9:32  Pylon  
  138  9:37  Photon Cannon  
  138  9:44  Protoss Shields Level 1, Disruptor (Chrono Boost)  
  138  9:45  Robotics Facility  
  141  9:46  Probe  
  141  9:48  Pylon, Probe  
  141  9:52  Flux Vanes  
  141  10:01  Protoss Air Weapons Level 2 (Chrono Boost)  
  141  10:05  Probe  
  141  10:06  Void Ray (Chrono Boost)  
  142  10:08  Charge  
  142  10:13  Probe  
  147  10:17  Probe  
  144  10:22  Assimilator  
  144  10:25  Disruptor (Chrono Boost)  
  144  10:27  Assimilator  
  144  10:30  Photon Cannon  
  144  10:32  Photon Cannon  
  144  10:33  Photon Cannon  
  144  10:34  Probe  
  144  10:35  Shield Battery  
  145  10:36  Pylon  
  145  10:37  Zealot x2  
  145  10:42  Carrier (Chrono Boost)  
  155  10:51  Stargate  
  155  10:59  Carrier (Chrono Boost)  
  161  11:04  Zealot x2  
  161  11:10  Gateway  
  165  11:13  Gateway  
  165  11:14  Gateway  
  165  11:15  Gateway  
  165  11:17  Pylon  
  165  11:21  Probe  
  166  11:26  Pylon  
  166  11:27  Pylon  
  166  11:31  Disruptor x2  
  164  11:37  Carrier (Chrono Boost)  
  164  11:39  Carrier (Chrono Boost)  
  176  11:48  Zealot x2  
  180  11:56  Pylon, Carrier (Chrono Boost)  
  180  11:58  Observer  
  182  12:17  Zealot x3  
  182  12:18  Zealot x3  
  194  12:24  Disruptor x2  
  198  12:37  Carrier (Chrono Boost)  
  198  12:41  Carrier (Chrono Boost)  
  190  13:00  Disruptor  
  190  13:02  Protoss Air Weapons Level 3 (Chrono Boost), Carrier (Chrono Boost)  
  191  13:09  Zealot x2  
  191  13:10  Nexus  
  191  13:13  Pylon  
  191  13:19  Zealot x4  
  196  13:31  Disruptor  
  182  13:38  Disruptor  
  180  13:44  Zealot x4  
  167  14:07  Disruptor  
  116  14:53  Pylon  
  116  14:55  Pylon  
  105  15:03  Void Ray  
  88  15:09  Void Ray x2  
  84  15:14  Mothership (Chrono Boost)  
  100  15:24  Disruptor (Chrono Boost)  
  99  15:56  Disruptor  
  102  15:58  Probe  
  103  16:10  Observer  
  103  16:36  Void Ray, Observer  
  108  16:48  Photon Cannon  
  108  16:50  Shield Battery  
  108  16:57  Observer  
  109  17:08  Void Ray  
  104  17:26  Zealot x2  
  98  17:45  Zealot x2  
  98  17:46  Observer (Chrono Boost)  
  93  18:06  Zealot x2  
  97  18:25  Disruptor (Chrono Boost)  
  66  19:39  Zealot  
  58  21:24  Observer  
  58  22:31  Observer  
  58  23:13  Observer  
Tags
 
Add a new tag
Caveats
  • Supply blocks, unpowered buildings, or Contaminate may cause inaccurate times.
  • Supply counts are checked every 10 seconds.